 Dungeon Crawl Stone Soup version 0.29.0-4-gdea44cf6ec (webtiles) character file.

Game seed: 2134065052021133935

35 qw the Chopper (level 3, 0/21 HPs)
             Began as a Tengu Warper on Aug 29, 2022.
             Succumbed to their own poison gas
             ... on level 2 of the Dungeon.
             The game lasted 00:00:08 (1070 turns).

qw the Chopper (Tengu Warper)                       Turns: 1070, Time: 00:00:08

Health: 0/21       AC:  5    Str: 13    XL:     3   Next: 35%
Magic:  7/7        EV: 11    Int: 13    God:
Gold:   61         SH:  0    Dex: 13    Spells: 6/6 levels left

rFire   . . .      SeeInvis .   Y - +0 hand axe
rCold   . . .      Faith    .   (no shield)
rNeg    . . .      Spirit   .   i - +0 ring mail
rPois   .          Reflect  .   (helmet restricted)
rElec   .          Harm     .   (no cloak)
rCorr   .          Rampage  .   (no gloves)
Will    .....                   (boots unavailable)
Stlth   +.........              (no amulet)
HPRegen 0.07/turn               (no ring)
MPRegen 0.10/turn               (no ring)

@: lethally poisoned (0 -> -5)
A: beak, talons 3
a: no special abilities


You were on level 2 of the Dungeon.
You visited 1 branch of the dungeon, and saw 2 of its levels.

You collected 61 gold pieces.


Innate Abilities, Weirdness & Mutations

You have a beak for a mouth.
You have claws for feet.


   Skills:
 - Level 2.0 Fighting
 + Level 4.1 Axes
 - Level 1.0 Throwing
 - Level 1.1 Armour
 - Level 2.1 Dodging
 - Level 2.0 Spellcasting
 - Level 2.4 Translocations


You had 6 spell levels left.
You didn't know any spells.
Your spell library contained the following spells:

 Spells                   Type           Power      Damage    Failure   Level
 Blink                    Tloc           14%        N/A       30%         2
 Gell's Gravitas          Tloc           7%         N/A       52%         3
 Lesser Beckoning         Tloc           7%         N/A       52%         3
 Teleport Other           Tloc           7%         N/A       52%         3
 Manifold Assault         Tloc           7%         N/A       99%         5

Inventory:

Hand Weapons
 d - a +0 whip
 Y - a +0 hand axe (weapon)
Missiles
 l - 4 boomerangs (quivered)
Armour
 i - a +0 ring mail (worn)
Potions
 f - a potion of resistance {unknown}
 h - a potion of cancellation {unknown}
 j - a potion of heal wounds {unknown}
 o - a potion of curing {unknown}

Dungeon Overview and Level Annotations

Branches:
Dungeon (2/15)

Altars:


Message History

A giant cockroach comes into view.
Found a stone staircase leading down.
The giant cockroach barely misses you.
Enter note: You hit the giant cockroach.
You kill the giant cockroach!
1060 ||| READING scroll labelled OCREPR NANE.
As you read the scroll labelled OCREPR NANE, it crumbles to dust.
It is a scroll of identify.
Really abort (and waste the scroll)?
1061 ||| READING scroll labelled NIFIGH LETAI.
The air fills with toxic fumes!
As you read the scroll labelled NIFIGH LETAI, it crumbles to dust.
It was a scroll of poison.
1062 ||| READING scroll labelled FIXAABRARYI.
As you read the scroll labelled FIXAABRARYI, it crumbles to dust.
It is a scroll of amnesia.
You feel forgetful for a moment.
1063 ||| DROPPING scroll of blinking.
You drop a scroll of blinking.
(D) Dungeon
Where to? (* - list waypoints, ? - help)
What level of the Dungeon? (default 1, ? - help) Sorry, I don't know how to get there.
Partly explored, can't reach some places.
1064 ||| Stepping randomly (stuck).
Really walk into that cloud of poison gas?
You are engulfed in poison gas.
You are lethally poisoned!
You feel very sick.
1065 ||| Stepping ~*~*~tactically~*~*~ (cloud).
You feel very sick.
You see here a scroll of blinking.
There is a lethal amount of poison in your body!
You feel very sick.
There is a lethal amount of poison in your body!
You feel sick.
There is a lethal amount of poison in your body!
You feel sick.
There is a lethal amount of poison in your body!
You feel sick.
There is a lethal amount of poison in your body!
You die...

.. .¤¤¤#####
.0¤¤¤000#####.##
#0¤0¤¤0¤@0¤¤000#
##0¤0¤0¤¤¤¤0¤¤¤#
#0¤0¤¤¤¤0¤¤¤¤¤.
#¤0¤0¤000¤¤¤00.
#0¤¤0¤0#0¤¤#0##
#0¤0¤0¤.0#¤# #
¤¤0###0.¤¤¤0 ##.
#. ##.#.


There were no monsters in sight!

Vanquished Creatures
  A dart slug (D:1)
  8 ball pythons (D:1)
  An endoplasm (D:1)
  2 giant cockroaches
  3 goblins (D:1)
  6 hobgoblins (D:1)
  3 kobolds (D:1)
  A bat (D:1)
  3 frilled lizards (D:1)
  2 rats (D:1)
30 creatures vanquished.

Notes
Turn   | Place    | Note
-------+----------+-------------------------------------------
     0 | D:1      | qw the Tengu Warper began the quest for the Orb.
     0 | D:1      | Reached XP level 1. HP: 12/12 MP: 4/4
     0 | D:1      | 0 ||| qw: Version: 0.1-a-89-g26bdef1
     0 | D:1      | 0 ||| qw: Game counter: 3501
     0 | D:1      | 0 ||| qw: Always use a shield: true
     0 | D:1      | 0 ||| qw: God list: Okawaru
     0 | D:1      | 0 ||| qw: Allow faded altars: false
     0 | D:1      | 0 ||| qw: Do Orc after D:15 true
     0 | D:1      | 0 ||| qw: Do second Lair branch before Depths: true
     0 | D:1      | 0 ||| qw: Lair rune preference: random
     0 | D:1      | 0 ||| qw: Plans: Normal
     0 | D:1      | 0 ||| PLANNING D:1-11
   257 | D:1      | Reached skill level 3 in Axes
   257 | D:1      | Reached XP level 2. HP: 14/17 MP: 6/6
   368 | D:1      | 368 ||| Stepping ~*~*~tactically~*~*~ (stealth).
   377 | D:1      | 377 ||| Stepping ~*~*~tactically~*~*~ (stealth).
   387 | D:1      | 387 ||| Stepping ~*~*~tactically~*~*~ (stealth).
   395 | D:1      | 395 ||| Stepping ~*~*~tactically~*~*~ (stealth).
   396 | D:1      | 396 ||| Stepping ~*~*~tactically~*~*~ (stealth).
   413 | D:1      | 413 ||| Stepping ~*~*~tactically~*~*~ (stealth).
   431 | D:1      | 431 ||| Stepping ~*~*~tactically~*~*~ (stealth).
   432 | D:1      | 432 ||| Stepping ~*~*~tactically~*~*~ (stealth).
   433 | D:1      | 433 ||| Stepping ~*~*~tactically~*~*~ (stealth).
   434 | D:1      | 434 ||| Stepping ~*~*~tactically~*~*~ (stealth).
   435 | D:1      | 435 ||| Stepping ~*~*~tactically~*~*~ (stealth).
   436 | D:1      | 436 ||| Stepping ~*~*~tactically~*~*~ (stealth).
   514 | D:1      | 514 ||| Stepping ~*~*~tactically~*~*~ (stealth).
   518 | D:1      | 518 ||| Stepping ~*~*~tactically~*~*~ (stealth).
   519 | D:1      | 519 ||| Stepping ~*~*~tactically~*~*~ (stealth).
   771 | D:1      | Reached XP level 3. HP: 21/21 MP: 7/7
   775 | D:1      | Found a faded altar of an unknown god.
   786 | D:1      | 786 ||| Stepping ~*~*~tactically~*~*~ (hiding).
   803 | D:1      | 803 ||| Stepping ~*~*~tactically~*~*~ (hiding).
   910 | D:1      | Reached skill level 4 in Axes
  1038 | D:1      | You fall into a shaft and drop 1 floor!
  1042 | D:2      | 1042 ||| UPGRADING to +0 ring mail.
  1052 | D:2      | 1052 ||| DROPPING +0 leather armour.
  1053 | D:2      | 1053 ||| READING scroll labelled JOHOK LONN.
  1054 | D:2      | 1054 ||| READING scroll labelled ROSCHE NECH.
  1060 | D:2      | 1060 ||| READING scroll labelled OCREPR NANE.
  1061 | D:2      | 1061 ||| READING scroll labelled NIFIGH LETAI.
  1062 | D:2      | 1062 ||| READING scroll labelled FIXAABRARYI.
  1063 | D:2      | 1063 ||| DROPPING scroll of blinking.
  1064 | D:2      | 1064 ||| Stepping randomly (stuck).
  1065 | D:2      | 1065 ||| Stepping ~*~*~tactically~*~*~ (cloud).
  1067 | D:2      | HP: 5/21 [poisoned by you (poison gas)]
  1069 | D:2      | HP: 1/21 [poisoned by you (poison gas)]
  1070 | D:2      | Succumbed to their own poison gas

Levels and vault maps discovered:
D:1:      minmay_arrival_wavy_path, layout_loops_ring,
          nicolae_ecumenical_snake_handling, minmay_pentomino_p2
D:2:      layout_rooms, wander_ebering_terrifying_dragon_lair

Skill      XL: |  1  2  3 |
---------------+----------+-----
Axes           | 3 4 |  4.1
Fighting       | |  2.0
Throwing       | |  1.0
Armour         | |  1.1
Dodging        | |  2.1
Spellcasting   | |  2.0
Translocations | |  2.4

Action                   || total
-------------------------++-------
Melee: Hand axe          ||    45
       Kick              ||    15
       Peck              ||     5
Throw: Boomerang         ||    14
  Use: Scroll            ||     5
Armor: Leather armour    ||     6
Dodge: Dodged            ||    26

Table legend:
 A = Non-vault XP
 B = Vault XP
 C = Vault XP percentage of total XP
 D = Non-vault monster count
 E = Vault monster count
 F = Vault count percentage of total count
                 A         B        C        D         E       F
            +---------+---------+-------+---------+---------+-------
      Total |      43 |       8 |  15.7 |      24 |       6 |  20.0
            +---------+---------+-------+---------+---------+-------
        D:1 |      41 |       8 |  16.3 |      23 |       6 |  20.7
        D:2 |       2 |       0 |   0.0 |       1 |       0 |   0.0
            +---------+---------+-------+---------+---------+-------
